 Dungeon Crawl Stone Soup version 0.25.1-1-g288607f5aa (webtiles) character file.

Game seed: 6151754006872841702

3255 lepoulpe303 the Twirler (level 10, 0/77 HPs)
             Began as a Formicid Fighter on July 29, 2020.
             Was a Believer of Qazlal.
             Slain by Harold
             ... wielding a +0 scimitar
              (8 damage)
             ... on level 7 of the Dungeon.
             The game lasted 00:21:40 (7459 turns).

lepoulpe303 the Twirler (Formicid Fighter)          Turns: 7459, Time: 00:21:40

Health: 0/77       AC: 14    Str: 26    XL:     10   Next: 19%
Magic:  12/14      EV:  9    Int: 14    God:    Qazlal [**....]
Gold:   319        SH: 14    Dex: 11    Spells: 9/9 levels left

rFire    . . .     SeeInvis +   a - +1 quarterstaff
rCold    . . .     Gourm    .   c - +0 kite shield
rNeg     . . .     Faith    .   K - +0 chain mail
rPois    +         Spirit   .   (helmet unavailable)
rElec    .         Reflect  .   z - +1 cloak {rPois} {rPois}
rCorr    +         Harm     .   p - +1 pair of gloves {Str+3} {Str+3}
MR       +....                  (no boots)
Stlth    ..........             h - amulet of the acrobat
HPRegen  0.22/turn              C - ring of resist corrosion
MPRegen  0.14/turn              I - +6 ring of intelligence

@: marked, very slightly contaminated, invisible (expiring)
A: permanent stasis, dig shafts and tunnels, four strong arms, antennae 3
a: Dig, Shaft Self, Upheaval, Renounce Religion


You were on level 7 of the Dungeon.
You worshipped Qazlal.
Qazlal was pleased with you.
You were not hungry.

You visited 2 branches of the dungeon, and saw 9 of its levels.

You collected 529 gold pieces.
You spent 210 gold pieces at shops.

Inventory:

Hand Weapons
 a - a +1 quarterstaff (weapon)
 b - a +0 hunting sling
Missiles
 r - 83 sling bullets
 y - a throwing net {=f}
 L - 5 silver javelins (quivered)
Armour
 c - a +0 kite shield (worn)
 p - a +1 pair of gloves of strength (worn) {Str+3}
 z - a +1 cloak of poison resistance (worn) {rPois}
 J - a +2 scale mail of positive energy {rN+}
 K - a +0 chain mail (worn)
Jewellery
 h - an amulet of the acrobat (around neck)
 C - a ring of resist corrosion (left hand)
 I - a +6 ring of intelligence (right hand)
 P - an uncursed ring of poison resistance
Wands
 t - a wand of polymorph (7)
 B - a wand of paralysis (5)
 D - a wand of digging (6)
Scrolls
 f - a scroll of enchant armour {unknown}
 g - a scroll of noise {unknown}
 i - 12 scrolls of identify
 v - a scroll of fear {unknown}
 w - 4 scrolls of remove curse
 A - a scroll of random uselessness {unknown}
 E - a scroll of blinking {unknown}
 G - a scroll of amnesia
 M - a scroll of acquirement {unknown}
Potions
 d - 2 potions of might
 j - 4 potions of heal wounds {unknown}
 k - 2 potions of resistance {unknown}
 l - 2 potions of flight {unknown}
 m - a potion of ambrosia {unknown}
 n - 3 potions of haste
 o - 3 potions of curing
 q - a potion of cancellation {unknown}
 s - 2 potions of mutation {unknown}
 u - 3 potions of stabbing {unknown}
 x - a potion of invisibility
 F - a potion of magic {unknown}
 H - 2 potions of brilliance {unknown}
Comestibles
 e - 23 rations


   Skills:
 + Level 6.3 Fighting
 * Level 7.2 Staves
 + Level 3.2 Slings
 + Level 6.3 Armour
 + Level 4.3 Dodging
 + Level 6.8 Shields
 * Level 6.5 Invocations


You had 9 spell levels left.
You didn't know any spells.
Your spell library contained the following spells:

 Spells                   Type           Power        Failure   Level  Hunger
 Magic Dart               Conj           #...         95%         1    ##.....
 Sting                    Tmut/Pois      #...         95%         1    ##.....
 Call Imp                 Summ           #.......     98%         2    ###....
 Poisonous Vapours        Pois/Air       #.....       98%         2    ###....
 Slow                     Hex            #.......     98%         2    ###....
 Conjure Flame            Conj/Fire      #.......     100%        3    ####...
 Ignite Poison            Fire/Tmut/Pois #.......     100%        3    ####...
 Mephitic Cloud           Conj/Pois/Air  #.......     100%        3    ####...
 Olgreb's Toxic Radiance  Pois           #.......     100%        4    #####..
 Blink                    Tloc           Unusable     N/A         2    N/A

Dungeon Overview and Level Annotations

Branches:
Dungeon (8/15)             Temple (1/1) D:4
   Lair: D:8-11

Altars:
Ashenzari
Cheibriados
Dithmenos
Fedhas
Gozag
Hepliaklqana
Kikubaaqudgha
Makhleb
Nemelex Xobeh
Okawaru
Qazlal
Ru
Sif Muna
Trog
Uskayaw
Vehumet
Wu Jian
Xom
Yredelemnul
Zin
The Shining One

Shops:
D:4 *

Annotations:
D:6 3 runed translucent doors, lepoulpe303's ghost, novice SpVM
D:7 Harold


Innate Abilities, Weirdness & Mutations

You cannot be hasted, slowed, berserked, paralysed or teleported.
You can dig through walls and to a lower floor.
Your four strong arms can wield two-handed weapons with a shield.
You have a pair of large antennae on your head. (SInv)


Message History

You are very lightly contaminated with residual magic.
You hit Harold but do no damage. Harold hits you with a +0 scimitar.
* * * LOW HITPOINT WARNING * * *
You take 4 damage, and have 6/77 hp.
You catch the helpless Harold completely off-guard!
You sock Harold! Harold closely misses you.
You hit Harold. You block Harold's attack.
You hit Harold. You block Harold's attack.
You hit Harold. You sock Harold! You block Harold's attack.
You hit Harold but do no damage. You block Harold's attack.
You hit Harold. You block Harold's attack.
You catch the helpless Harold completely off-guard!
You hit Harold. You hit Harold. Harold closely misses you.
You barely miss Harold. You block Harold's attack.
You closely miss Harold.
You flicker for a moment.
Harold hits you with a +0 scimitar!
You die...

....#.###....##
####..## #.#
.####.#...##..#
#....## #..
.####...#####.##
##....# ##.
.##...###
#..####.....# #.
......#
##.#.##.#...# #.
..##.##
#...##.....# #.
..##.#
####o.##...# #.
##...#
###@.##...# ###.
...###
#.@##.....# #...
.### ##.##.#####
#... ## ######
#... ####


You could see Harold and an orc warrior.

Levels and vault maps discovered:
D:1:      onia_arrival_mini_spirals, layout_rooms
D:2:      minmay_door_path, layout_rooms, nicolae_dithmenos_shadow_blocks,
          fedhas_altar_2
D:3:      layout_basic, lemuel_altar_in_water, uniq_grinder, uniq_terence
D:4:      layout_basic, kennysheep_little_box, minmay_temple_entry_fiery,
          serial_shops, kennysheep_mini
D:5:      layout_basic, first_ration
D:6:      layout_basic, nicolae_ru_great_annihilating_truth,
          gammafunk_ghost_nasty_kobolds
D:7:      layout_rooms, the_bakery, st_stairs_7, kennysheep_crisscross
D:8:      layout_cave_pods, lemuel_doored_altar, minmay_lair_entry_lava,
          nicolae_ossuary_entry_false_entrances, minmay_fire_ice_demons,
          uniq_gastronok, uniq_harold, uniq_maggie
Temple:   nicolae_temple_no_exploring_needed

Notes
Turn   | Place    | Note
-------+----------+-------------------------------------------
     0 | D:1      | lepoulpe303 the Formicid Fighter began the quest for the
                  | Orb.
     0 | D:1      | Reached XP level 1. HP: 18/18 MP: 1/1
    99 | D:1      | Reached XP level 2. HP: 24/24 MP: 2/2
   169 | D:1      | Identified a +0 dagger
   202 | D:1      | Identified a +0 short sword
   245 | D:1      | Identified a +0 club
   280 | D:1      | Reached XP level 3. HP: 29/29 MP: 3/3
   288 | D:1      | Identified a +0 club
   288 | D:1      | Identified a +0 club
   550 | D:2      | Found a blossoming altar of Fedhas.
   587 | D:2      | Found a shadowy altar of Dithmenos.
   963 | D:2      | Identified a cursed -2 hunting sling (You found it on level
                  | 2 of the Dungeon)
   964 | D:2      | Identified 3 scrolls of identify
   964 | D:2      | Identified an amulet of the acrobat (You found it on level
                  | 1 of the Dungeon)
   966 | D:2      | Identified a scroll of enchant weapon
   967 | D:2      | Identified a scroll of teleportation
   968 | D:2      | Identified a scroll of amnesia
   969 | D:2      | Identified a scroll of remove curse
   970 | D:2      | Identified a +1 quarterstaff
  1019 | D:2      | Identified a +0 club
  1100 | D:2      | Identified a +0 dagger
  1110 | D:2      | Identified a +1 pair of gloves of strength (You found it on
                  | level 2 of the Dungeon)
  1178 | D:2      | Reached skill level 4 in Shields
  1183 | D:2      | Identified a +0 club
  1185 | D:2      | Reached skill level 1 in Dodging
  1235 | D:2      | Identified a +0 club
  1264 | D:2      | Reached XP level 4. HP: 34/36 MP: 4/4
  1415 | D:3      | Identified a +0 spear
  1415 | D:3      | Identified a +0 whip
  1424 | D:3      | Reached skill level 3 in Staves
  1520 | D:3      | Identified a +0 spear
  1521 | D:3      | Identified a cursed -1 club
  1575 | D:3      | Identified a +0 vorpal flail
  1575 | D:3      | Identified a +0 scale mail
  1575 | D:3      | Noticed Terence
  1595 | D:3      | HP: 9/37 [Terence/+0 vorpal flail (1)]
  1596 | D:3      | Killed Terence
  1596 | D:3      | Reached XP level 5. HP: 11/42 MP: 5/5
  1825 | D:3      | Found a stormy altar of Qazlal.
  1876 | D:3      | Identified a +0 dagger
  1971 | D:3      | Identified a +0 spear
  1972 | D:3      | Identified a +0 club
  1975 | D:3      | Identified a +0 halberd
  1976 | D:3      | Identified a +0 flail
  2011 | D:3      | Reached skill level 4 in Armour
  2100 | D:3      | Reached skill level 4 in Fighting
  2418 | D:3      | Noticed Grinder
  2442 | D:3      | Killed Grinder
  2442 | D:3      | Reached skill level 4 in Staves
  2442 | D:3      | Reached skill level 2 in Dodging
  2442 | D:3      | Reached XP level 6. HP: 33/49 MP: 6/6
  2442 | D:3      | Reached XP level 7. HP: 37/55 MP: 7/7
  2669 | D:3      | Identified a +0 club
  2669 | D:3      | Identified a cursed ring of teleportation
  2673 | D:3      | Identified a +0 short sword
  2673 | D:3      | Identified a cursed +0 ring mail
  2695 | D:3      | Identified a +0 mace
  2695 | D:3      | Identified a +0 robe
  2696 | D:3      | Identified a +0 whip
  2696 | D:3      | Identified a +0 dagger
  3040 | D:3      | Identified a +0 dagger
  3342 | D:4      | Identified a +0 mace
  3342 | D:4      | Identified a +0 scale mail
  3344 | D:4      | Identified a +0 dagger
  3344 | D:4      | Identified a +0 robe
  3352 | D:4      | Identified a +2 flail of holy wrath
  3352 | D:4      | Identified a +0 scale mail
  3353 | D:4      | Reached skill level 5 in Shields
  3471 | D:4      | Found a staircase to the Ecumenical Temple.
  3480 | Temple   | Entered the Ecumenical Temple
  3481 | Temple   | lepoulpe303: !whichgod fofi
  3481 | Temple   | meem: 303 recent wins for fofi: 90x Okawaru, 85x The
                  | Shining One, 19x Qazlal, 18x Zin, 14x Gozag, 13x
                  | Cheibriados, 11x Ru, 8x Yredelemnul, 6x Nemelex Xobeh, 6x
                  | Uskayaw, 5x Fedhas, 5x Makhleb, 3x Dithmenos, 3x Wu Jian,
                  | 3x, 3x Hepliaklqana, 2x Sif Muna, 2x Ashenzari, 2x Lugonu,
                  | Jiyva, Vehumet, Trog, Kikubaaqudgha, Elyvilon
  3502 | Temple   | Became a worshipper of Qazlal Stormbringer
  3618 | D:4      | Identified a +0 club
  3618 | D:4      | Identified a cursed +0 leather armour
  3618 | D:4      | Identified a +0 scale mail
  3622 | D:4      | Identified a +0 short sword
  3622 | D:4      | Identified a cursed +0 scale mail
  3623 | D:4      | Identified a +0 dagger
  3629 | D:4      | Identified a +0 hand axe
  3629 | D:4      | Identified a cursed +0 ring mail
  3643 | D:4      | Identified a ring of resist corrosion (You found it on
                  | level 4 of the Dungeon)
  3756 | D:4      | Reached skill level 1 in Invocations
  4009 | D:4      | Found Zerim's Assorted Antiques.
  4012 | D:4      | Bought a runed cloak for 210 gold pieces
  4017 | D:4      | Identified a +1 cloak of poison resistance (You bought it
                  | in a shop on level 4 of the Dungeon)
  4184 | D:4      | Found a bloodstained altar of Trog.
  4207 | D:4      | Identified a +0 hunting sling (You found it on level 4 of
                  | the Dungeon)
  4236 | D:5      | Entered Level 5 of the Dungeon
  4352 | D:5      | Identified a +0 giant club
  4380 | D:5      | Reached * piety under Qazlal
  4380 | D:5      | Reached skill level 5 in Staves
  4380 | D:5      | Reached skill level 2 in Invocations
  4380 | D:5      | Reached XP level 8. HP: 28/61 MP: 9/9
  4581 | D:5      | Identified a +0 spear
  4582 | D:5      | Identified a +0 halberd
  4610 | D:5      | Reached skill level 5 in Armour
  4658 | D:5      | Reached skill level 5 in Fighting
  4801 | D:5      | Reached skill level 3 in Invocations
  4866 | D:5      | Identified a +0 dagger
  4866 | D:5      | Identified a +0 robe
  4866 | D:5      | Identified a +0 club
  4866 | D:5      | Identified a +0 hand axe
  4866 | D:5      | Identified a +0 ring mail
  4876 | D:5      | Identified a +0 dagger
  4876 | D:5      | Identified a +0 robe
  4880 | D:5      | Reached skill level 3 in Dodging
  5326 | D:5      | Identified a ring of poison resistance (You found it on
                  | level 5 of the Dungeon)
  5410 | D:6      | Identified a +0 club
  5410 | D:6      | Identified a +0 spear
  5410 | D:6      | Identified a +0 whip
  5476 | D:6      | Reached skill level 4 in Invocations
  5494 | D:6      | Reached skill level 1 in Slings
  5682 | D:6      | Reached XP level 9. HP: 61/68 MP: 12/12
  5693 | D:6      | Noticed a hippogriff
  5719 | D:5      | Killed a hippogriff
  5719 | D:5      | Reached ** piety under Qazlal
  5719 | D:5      | Reached skill level 6 in Staves
  5719 | D:5      | Reached skill level 6 in Shields
  5984 | D:6      | Found a sacrificial altar of Ru.
  6238 | D:6      | Found a runed translucent gate.
  6238 | D:6      | Found a runed translucent gate.
  6238 | D:6      | Found a runed translucent gate.
  6239 | D:6      | Identified a +0 dagger
  6239 | D:6      | Identified a +0 robe
  6239 | D:6      | Noticed a kobold demonologist
  6239 | D:6      | Identified a +0 short sword
  6239 | D:6      | Identified the +5 short sword of the Globe {chaos, rN+ MR-
                  | SInv Stlth+}
  6239 | D:6      | Identified a +0 short sword
  6239 | D:6      | Noticed lepoulpe303's ghost (novice SpVM)
  6239 | D:6      | Identified a +0 short sword of distortion
  6239 | D:6      | Identified a cursed -3 dagger
  6239 | D:6      | Identified a +1 whip of distortion
  6323 | D:6      | Reached skill level 5 in Invocations
  6396 | D:6      | Reached skill level 2 in Slings
  6468 | D:6      | Identified a +2 scale mail of positive energy (You found it
                  | on level 6 of the Dungeon)
  6470 | D:6      | Identified a ring of intelligence (You found it on level 6
                  | of the Dungeon)
  6491 | D:7      | Identified a +0 shortbow
  6520 | D:7      | Identified a +0 giant spiked club
  6527 | D:7      | Identified a +0 giant club
  6591 | D:7      | Reached skill level 6 in Fighting
  6604 | D:7      | Identified a cursed +1 falchion of flaming
  6604 | D:7      | Identified a +0 robe
  6609 | D:7      | Identified a +2 halberd
  6609 | D:7      | Identified a +0 robe
  6610 | D:7      | Identified a +3 flail of protection
  6610 | D:7      | Identified a +0 robe
  6612 | D:7      | Identified a cursed +2 mace of venom
  6612 | D:7      | Identified a cursed +0 robe
  6655 | D:7      | Identified a +0 shortbow
  6655 | D:7      | Identified a cursed +0 dagger
  6655 | D:7      | Identified a +0 robe
  6655 | D:7      | Identified a +0 club
  6659 | D:7      | Identified a +0 scimitar
  6659 | D:7      | Identified a +0 robe
  6662 | D:7      | Reached skill level 6 in Armour
  6664 | D:7      | Identified a +0 dagger
  6668 | D:6      | Reached skill level 4 in Dodging
  6676 | D:6      | Reached skill level 6 in Invocations
  6852 | D:7      | Identified a +0 dagger
  6891 | D:7      | Reached XP level 10. HP: 76/76 MP: 14/14
  6933 | D:7      | Reached skill level 7 in Staves
  7077 | D:7      | Identified a +0 dagger
  7077 | D:7      | Identified a +0 robe
  7087 | D:7      | Reached skill level 3 in Slings
  7389 | D:7      | Identified a +0 chain mail (You found it on level 7 of the
                  | Dungeon)
  7417 | D:8      | Identified a +0 scimitar
  7417 | D:8      | Identified a +0 scale mail
  7417 | D:8      | Noticed Harold
  7426 | D:8      | Identified a +0 dagger
  7426 | D:8      | Identified a +0 leather armour
  7428 | D:8      | Identified a +0 scimitar
  7428 | D:8      | Identified a +0 plate armour
  7431 | D:8      | Identified a +0 dagger
  7431 | D:8      | Identified a +0 robe
  7433 | D:8      | Identified a +0 mace
  7433 | D:8      | Identified a +0 ring mail
  7434 | D:8      | Identified a +0 whip
  7434 | D:8      | Identified a +0 leather armour
  7441 | D:7      | HP: 14/77 [Harold/+0 scimitar (20)]
  7448 | D:7      | HP: 6/77 [Harold/+0 scimitar (4)]
  7459 | D:7      | Slain by Harold

Table legend:
 A = Turns spent in this place as a percentage of turns spent in the entire game.
 B = Non-inter-level travel turns spent in this place as a percentage of non-inter-level travel turns spent in the entire game.
 C = Inter-level travel turns spent in this place as a percentage of turns spent in this place.
 D = Turns resting spent in this place as a percentage of non-inter-level travel turns spent in this place.
 E = Turns spent auto-exploring this place as a percentage of non-inter-level travel turns spent in this place.
 F = Non-inter-level travel turns spent in this place divided by the number of levels of this place that you've seen.
                   A       B       C       D       E      F
               +-------+-------+-------+-------+-------+----------------------
         Total | 100.0 | 100.0 |   6.0 |  21.9 |  54.1 | 778.8
       Dungeon |  99.6 | 100.0 |   5.7 |  21.9 |  54.2 | 875.8
        Temple |   0.4 |   0.0 |  90.3 |   0.0 |   0.0 |   3.0
               +-------+-------+-------+-------+-------+----------------------

Table legend:
 A = Kills in this place as a percentage of kills in entire the game.
 B = Kills by you in this place as a percentage of kills by you in the entire game.
 C = Kills by friends in this place as a percentage of kills by friends in the entire game.
 D = Other kills in this place as a percentage of other kills in the entire game.
 E = Experience gained in this place as a percentage of experience gained in the entire game.
 F = Experience gained in this place divided by the number of levels of this place that you have seen.
                   A       B       C       D       E      F
               +-------+-------+-------+-------+-------+----------------------
         Total | 100.0 | 100.0 |   N/A |   N/A | 100.0 | 516.7
       Dungeon | 100.0 | 100.0 |   N/A |   N/A | 100.0 | 581.2
               +-------+-------+-------+-------+-------+----------------------

Skill      XL: |  1  2  3  4  5  6  7  8  9 10 |
---------------+-------------------------------+-----
Shields        | 4 5 6 |  6.8
Dodging        | 1 2 3 4 |  4.3
Staves         | 3 4 5 6 7 |  7.2
Armour         | 4 5 6 |  6.3
Fighting       | 4 5 6 |  6.3
Invocations    | 2 4 6 |  6.5
Slings         | 1 2 3 |  3.2

Action                   |  1- 3 |  4- 6 |  7- 9 | 10-12 || total
-------------------------+-------+-------+-------+-------++-------
Melee: Quarterstaff      |   131 |    80 |   381 |    65 ||   657
 Fire: Hunting sling     |     4 |    44 |   106 |       ||   154
Throw: Boomerang         |       |       |    40 |       ||    40
Invok: Upheaval          |       |       |       |     1 ||     1
Evoke: Wand              |       |       |       |     1 ||     1
  Use: Scroll            |     6 |       |       |       ||     6
       Potion            |       |       |       |     1 ||     1
 Stab: Invisible         |       |       |       |     2 ||     2
  Eat: Chunk             |     1 |     4 |    11 |     2 ||    18
       Ration            |       |       |     1 |       ||     1
Armor: Scale mail        |    42 |    19 |   126 |     2 ||   189
       Chain mail        |       |       |       |    18 ||    18
Dodge: Dodged            |    53 |    40 |   157 |    25 ||   275
Block: Kite shield       |    64 |    37 |   257 |    62 ||   420

Vanquished Creatures
  Grinder (D:3)
  A hippogriff (D:5)
  A spriggan (D:7)
  A wyvern (D:6)
  An ice beast (D:6)
  3 ogres
  2 centaurs (D:7)
  7 bullfrogs
  A wyvern skeleton (D:6)
  A scorpion (D:6)
  5 wights (D:7)
  7 crimson imps
  3 bullfrog zombies
  A bullfrog skeleton (D:5)
  A jelly (D:5)
  4 hounds
  3 orc priests
  Terence (D:3)
  2 iguanas
  4 orc wizards
  6 worker ants
  A hound skeleton (D:6)
  A howler monkey zombie (D:7)
  13 gnolls
  11 adders
  4 shadow imps
  2 oozes
  An adder zombie (D:6)
  A dart slug (D:1)
  5 leopard geckos
  16 orcs
  3 ball pythons
  5 giant cockroaches
  12 goblins
  5 hobgoblins
  19 jackals
  3 quokkas
  A ball python skeleton (D:4)
  3 bats
  10 frilled lizards
  8 kobolds
  A quokka skeleton (D:5)
  6 rats
187 creatures vanquished.

Vanquished Creatures (others)
  A fungus (D:6)
  3 plants (D:6)
4 creatures vanquished.

Grand Total: 191 creatures vanquished
